| TOP OF THE 1ST |
|
Arizona Diamondbacks batting - Pitching for Houston Astros : RHP Kevin Ovens-Toots
|
|
Pitching: RHP Kevin Ovens-Toots
|
|
|
Batting: RHB David Price Jr.
|
0-0: Ball 1-0: Ball 2-0: Ball 3-0: Called Strike 3-1: Fly out, F6 (Line Drive, 6, EV 60.6 MPH)
|
|
Batting: RHB Shiro Suehiro
|
0-0: Foul Ball, location: 2F 0-1: SINGLE (Groundball, 5S, EV 69.4 MPH) (infield hit)
|
|
Batting: LHB Eric Klasek
|
0-0: Called Strike 0-1: Ball 1-1: Ball 2-1: Ball 3-1: 2-RUN HOME RUN (Flyball, 89XD, EV 98.1 MPH), Distance : 407 ft
|
|
Batting: SHB Alec Thorpe
|
0-0: Ball 1-0: Ball 2-0: Foul Ball, location: 2F 2-1: Ball 3-1: Base on Balls
|
|
Batting: SHB Troy McClure
|
0-0: Ball 1-0: Called Strike 1-1: Ball 2-1: Swinging Strike 2-2: Strikes out looking
|
|
Batting: LHB Danny Dunham
|
0-0: Ball 1-0: Foul Ball, location: 2F 1-1: Ball 2-1: Ground out 5-3 (Groundball, 56S, EV 95.0 MPH)
|
| Top of the 1st over - 2 runs, 2 hits, 0 errors, 1 left on base; Arizona 2 - Houston 0 |
| BOTTOM OF THE 1ST |
|
Houston Astros batting - Pitching for Arizona Diamondbacks : RHP Art Nobles
|
|
Pitching: RHP Art Nobles
|
|
|
Batting: RHB Matt Thompson
|
0-0: Called Strike 0-1: Called Strike 0-2: Ball 1-2: Foul Ball, location: 2F 1-2: Ball 2-2: Fly out, F7 (Line Drive, 7, EV 88.8 MPH)
|
|
Batting: LHB Bob Myers
|
0-0: Foul Ball, location: 2F 0-1: Ball 1-1: Ball 2-1: Ball 3-1: Fly out, F8 (Flyball, 8RXD, EV 102.5 MPH)
|
|
Batting: SHB Addick de Vries
|
0-0: Called Strike 0-1: Ball 1-1: Ball 2-1: Ground out U3 (Groundball, 34S, EV 91.3 MPH)
|
| Bottom of the 1st over - 0 runs, 0 hits, 0 errors, 0 left on base; Arizona 2 - Houston 0 |
| TOP OF THE 2ND |
|
Arizona Diamondbacks batting - Pitching for Houston Astros : RHP Kevin Ovens-Toots
|
|
Batting: SHB Perry Tuckfard
|
0-0: Foul Ball, location: 2F 0-1: Ground out U3 (Groundball, 3, EV 104.4 MPH)
|
|
Batting: RHB Blake Ballard
|
0-0: Called Strike 0-1: Called Strike 0-2: Strikes out swinging
|
|
Batting: LHB Kyle Beaulieu
|
0-0: Foul Ball, location: 2F 0-1: Ground out U3 (Groundball, 13, EV 90.6 MPH)
|
| Top of the 2nd over - 0 runs, 0 hits, 0 errors, 0 left on base; Arizona 2 - Houston 0 |
| BOTTOM OF THE 2ND |
|
Houston Astros batting - Pitching for Arizona Diamondbacks : RHP Art Nobles
|
|
Batting: RHB Danny Dyer
|
0-0: Fly out, F7 (Line Drive, 7S, EV 99.4 MPH)
|
|
Batting: SHB Joe Gardner
|
0-0: DOUBLE (Flyball, 89XD, EV 112.5 MPH)
|
|
Batting: RHB Josh Froyd
|
0-0: Foul Ball, location: 2F 0-1: Foul Ball, location: 2F 0-2: SINGLE (Line Drive, 3D, EV 99.4 MPH) Joe Gardner to third Runner from 3rd tries for Home, throw by RF and OUT! 9-2 Josh Froyd to second
|
|
Batting: LHB Ian Jarvis
|
0-0: Foul Ball, location: 2F 0-1: Called Strike 0-2: Ground out 6-3 (Groundball, 6S, EV 70.6 MPH)
|
| Bottom of the 2nd over - 0 runs, 2 hits, 0 errors, 1 left on base; Arizona 2 - Houston 0 |
| TOP OF THE 3RD |
|
Arizona Diamondbacks batting - Pitching for Houston Astros : RHP Kevin Ovens-Toots
|
|
Batting: RHB David Price Jr.
|
0-0: Ball 1-0: SINGLE (Line Drive, 34D, EV 105.0 MPH)
|
|
Batting: RHB Shiro Suehiro
|
0-0: Ball 1-0: Ball 2-0: Ball 3-0: Foul Ball, location: 2F 3-1: Fielders Choice at 2nd, 5-4 (Groundball, 5, EV 89.4 MPH)
|
|
Batting: LHB Eric Klasek
|
0-0: Called Strike Shiro Suehiro steals 2nd base (no throw) 0-1: Ball 1-1: 2-RUN HOME RUN (Line Drive, 78XD, EV 110.0 MPH), Distance : 457 ft
|
|
Batting: SHB Alec Thorpe
|
0-0: Called Strike 0-1: Swinging Strike 0-2: Strikes out swinging
|
|
Batting: SHB Troy McClure
|
0-0: Called Strike 0-1: Called Strike 0-2: Strikes out swinging
|
| Top of the 3rd over - 2 runs, 2 hits, 0 errors, 0 left on base; Arizona 4 - Houston 0 |
| BOTTOM OF THE 3RD |
|
Houston Astros batting - Pitching for Arizona Diamondbacks : RHP Art Nobles
|
|
Batting: RHB Trevor Mock
|
0-0: Swinging Strike 0-1: Called Strike 0-2: Strikes out swinging
|
|
Batting: SHB Nate Kopchak
|
0-0: Foul Ball, location: 2F 0-1: Called Strike 0-2: Ground out U3 (Groundball, 3, EV 82.5 MPH)
|
|
Batting: RHB Matt Thompson
|
0-0: Ball 1-0: Ground out 6-3 (Groundball, 6, EV 84.4 MPH)
|
| Bottom of the 3rd over - 0 runs, 0 hits, 0 errors, 0 left on base; Arizona 4 - Houston 0 |
| TOP OF THE 4TH |
|
Arizona Diamondbacks batting - Pitching for Houston Astros : RHP Kevin Ovens-Toots
|
|
Batting: LHB Danny Dunham
|
0-0: Called Strike 0-1: Called Strike 0-2: Ball 1-2: Foul Ball, location: 2F 1-2: Ball 2-2: SINGLE (Line Drive, 34, EV 96.3 MPH)
|
|
Batting: SHB Perry Tuckfard
|
0-0: Foul Ball, location: 2F 0-1: Ball 1-1: Ball 2-1: Ball 3-1: Foul Ball, location: 2F 3-2: Foul Ball, location: 2F 3-2: Base on Balls Danny Dunham to second
|
|
Batting: RHB Blake Ballard
|
0-0: Called Strike 0-1: Foul Ball, location: 2F 0-2: Fly out, F4 (Popup, 34D, EV 64.4 MPH)
|
|
Batting: LHB Kyle Beaulieu
|
0-0: Swinging Strike 0-1: Ball 1-1: Foul Ball, location: 2F 1-2: Strikes out swinging
|
|
Batting: RHB David Price Jr.
|
0-0: Called Strike 0-1: Ball 1-1: Ball 2-1: Foul Ball, location: 2F 2-2: Strikes out swinging
|
| Top of the 4th over - 0 runs, 1 hit, 0 errors, 2 left on base; Arizona 4 - Houston 0 |
| BOTTOM OF THE 4TH |
|
Houston Astros batting - Pitching for Arizona Diamondbacks : RHP Art Nobles
|
|
Batting: LHB Bob Myers
|
0-0: Ball 1-0: Called Strike 1-1: Ball 2-1: Foul Ball, location: 2F 2-2: SINGLE (Groundball, 4MD, EV 101.9 MPH)
|
|
Batting: SHB Addick de Vries
|
0-0: Ball 1-0: Ball 2-0: Foul Ball, location: 2F 2-1: Fielders Choice at 2nd, 6-4 (Groundball, 6, EV 91.3 MPH)
|
|
Batting: RHB Danny Dyer
|
0-0: Fly out, F8 (Flyball, 8RD, EV 103.8 MPH)
|
|
Batting: SHB Joe Gardner
|
0-0: Called Strike 0-1: Ball 1-1: Ground out 4-3 (Groundball, 4S, EV 83.8 MPH)
|
| Bottom of the 4th over - 0 runs, 1 hit, 0 errors, 1 left on base; Arizona 4 - Houston 0 |
| TOP OF THE 5TH |
|
Arizona Diamondbacks batting - Pitching for Houston Astros : RHP Kevin Ovens-Toots
|
|
Batting: RHB Shiro Suehiro
|
0-0: Ball 1-0: Ball 2-0: Ground out 6-3 (Groundball, 6, EV 85.0 MPH)
|
|
Batting: LHB Eric Klasek
|
0-0: Ball 1-0: Ball 2-0: Ball 3-0: Called Strike 3-1: Foul Ball, location: 2F 3-2: Base on Balls
|
|
Batting: SHB Alec Thorpe
|
0-0: Ball Eric Klasek steals 2nd base (no throw) 1-0: Ground out U3 (Groundball, 3S, EV 63.1 MPH) Eric Klasek to third
|
|
Batting: SHB Troy McClure
|
0-0: Called Strike 0-1: SINGLE (Line Drive, 6MD, EV 103.1 MPH) Eric Klasek scores
|
|
Pitching: RHP Arturo Vargas
|
|
|
Batting: LHB Danny Dunham
|
0-0: Called Strike 0-1: DOUBLE (Flyball, 8LXD, EV 105.6 MPH) Troy McClure to third Runner from 3rd tries for Home, SAFE, throw by CF to home
|
|
Batting: SHB Perry Tuckfard
|
0-0: Called Strike 0-1: Swinging Strike 0-2: Strikes out looking
|
| Top of the 5th over - 2 runs, 2 hits, 0 errors, 1 left on base; Arizona 6 - Houston 0 |
| BOTTOM OF THE 5TH |
|
Houston Astros batting - Pitching for Arizona Diamondbacks : RHP Art Nobles
|
|
Batting: RHB Josh Froyd
|
0-0: Foul Ball, location: 2F 0-1: Swinging Strike 0-2: Strikes out looking
|
|
Batting: LHB Ian Jarvis
|
0-0: Ball 1-0: Ball 2-0: Called Strike 2-1: Ball 3-1: Base on Balls
|
|
Batting: RHB Trevor Mock
|
Balk! Ian Jarvis to second 0-0: Ball 1-0: Called Strike 1-1: Foul Ball, location: 2F 1-2: Fly out, F7 (Flyball, 7LM, EV 99.4 MPH) Runner from 2nd tags up, SAFE at 3rd with throw by LF
|
|
Batting: SHB Nate Kopchak
|
0-0: Called Strike 0-1: Ball 1-1: Swinging Strike 1-2: Strikes out swinging
|
| Bottom of the 5th over - 0 runs, 0 hits, 0 errors, 1 left on base; Arizona 6 - Houston 0 |
| TOP OF THE 6TH |
|
Arizona Diamondbacks batting - Pitching for Houston Astros : RHP Arturo Vargas
|
|
Batting: RHB Blake Ballard
|
0-0: Ball 1-0: Fly out, F7 (Flyball, 7D, EV 104.4 MPH)
|
|
Batting: LHB Kyle Beaulieu
|
0-0: Called Strike 0-1: Called Strike 0-2: Strikes out swinging
|
|
Batting: RHB David Price Jr.
|
0-0: Ball 1-0: Called Strike 1-1: Foul Ball, location: 2F 1-2: Ground out 3-1 (Groundball, 34, EV 102.5 MPH)
|
| Top of the 6th over - 0 runs, 0 hits, 0 errors, 0 left on base; Arizona 6 - Houston 0 |
| BOTTOM OF THE 6TH |
|
Houston Astros batting - Pitching for Arizona Diamondbacks : RHP Art Nobles
|
|
Batting: RHB Matt Thompson
|
0-0: Foul Ball, location: 2F 0-1: Foul Ball, location: 2F 0-2: Foul Ball, location: 2F 0-2: Foul Ball, location: 2F 0-2: Strikes out swinging
|
|
Batting: LHB Bob Myers
|
0-0: Ball 1-0: Foul Ball, location: 2F 1-1: Called Strike 1-2: Strikes out swinging
|
|
Batting: SHB Addick de Vries
|
0-0: Fly out, F3 (Popup, 23F, EV 86.9 MPH)
|
| Bottom of the 6th over - 0 runs, 0 hits, 0 errors, 0 left on base; Arizona 6 - Houston 0 |
| TOP OF THE 7TH |
|
Arizona Diamondbacks batting - Pitching for Houston Astros : RHP Arturo Vargas
|
|
Batting: RHB Shiro Suehiro
|
0-0: Called Strike 0-1: Swinging Strike 0-2: SOLO HOME RUN (Flyball, 9D, EV 98.8 MPH), Distance : 391 ft
|
|
Batting: LHB Eric Klasek
|
0-0: Ball 1-0: Called Strike 1-1: Ball 2-1: Called Strike 2-2: Foul Ball, location: 2F 2-2: Ball 3-2: Base on Balls
|
|
Batting: SHB Alec Thorpe
|
0-0: Ball 1-0: Called Strike 1-1: Foul Ball, location: 2F 1-2: Foul Ball, location: 2F 1-2: Foul Ball, location: 2F 1-2: Foul Ball, location: 2F 1-2: Ball 2-2: Ball 3-2: Foul Ball, location: 2F 3-2: Base on Balls Eric Klasek to second
|
|
Batting: SHB Troy McClure
|
0-0: Called Strike 0-1: Ball 1-1: Ball 2-1: Ball 3-1: Base on Balls Eric Klasek to third Alec Thorpe to second
|
|
Batting: LHB Danny Dunham
|
0-0: Grounds into double play, 5-4-3 (Groundball, 56, EV 81.3 MPH) Eric Klasek scores Alec Thorpe to third
|
|
Batting: SHB Perry Tuckfard
|
0-0: Called Strike 0-1: Ball 1-1: Ball 2-1: Foul Ball, location: 2F 2-2: Foul Ball, location: 2F 2-2: Ball 3-2: Fly out, F6 (Popup, 6S, EV 68.1 MPH)
|
| Top of the 7th over - 2 runs, 1 hit, 0 errors, 1 left on base; Arizona 8 - Houston 0 |
| BOTTOM OF THE 7TH |
|
Houston Astros batting - Pitching for Arizona Diamondbacks : RHP Art Nobles
|
|
Now at 1B: Valentin Laporte
|
|
|
Batting: RHB Danny Dyer
|
0-0: Ball 1-0: Called Strike 1-1: Ball 2-1: DOUBLE (Flyball, 8RXD, EV 107.5 MPH)
|
|
Pinch Hitting: LHB Bryce Hill
|
0-0: Ball 1-0: Ball 2-0: Called Strike 2-1: Ball 3-1: Base on Balls
|
|
Batting: RHB Josh Froyd
|
0-0: Called Strike 0-1: Foul Ball, location: 2F 0-2: Grounds into double play, 6-4-3 (Groundball, 6, EV 78.8 MPH) Danny Dyer to third
|
|
Batting: LHB Ian Jarvis
|
0-0: Ball 1-0: Foul Ball, location: 2F 1-1: Foul Ball, location: 2F 1-2: Ball 2-2: Foul Ball, location: 2F 2-2: Ground out 4-3 (Groundball, 4, EV 91.3 MPH)
|
| Bottom of the 7th over - 0 runs, 1 hit, 0 errors, 1 left on base; Arizona 8 - Houston 0 |
| TOP OF THE 8TH |
|
Arizona Diamondbacks batting - Pitching for Houston Astros : RHP Arturo Vargas
|
|
Now in LF: Bob Myers
|
|
|
Now in RF: Bryce Hill
|
|
|
Batting: RHB Blake Ballard
|
0-0: Ball 1-0: Ball 2-0: Called Strike 2-1: Ball 3-1: Foul Ball, location: 2F 3-2: Foul Ball, location: 2F 3-2: Strikes out swinging
|
|
Pitching: RHP Danny Bustos
|
|
|
Batting: LHB Kyle Beaulieu
|
0-0: Called Strike 0-1: Swinging Strike 0-2: Foul Ball, location: 2F 0-2: Strikes out swinging
|
|
Batting: RHB David Price Jr.
|
0-0: Called Strike 0-1: Foul Ball, location: 2F 0-2: Ball 1-2: Foul Ball, location: 2F 1-2: Ball 2-2: Ball 3-2: Foul Ball, location: 2F 3-2: Ground out 6-3 (Groundball, P, EV 87.5 MPH)
|
| Top of the 8th over - 0 runs, 0 hits, 0 errors, 0 left on base; Arizona 8 - Houston 0 |
| BOTTOM OF THE 8TH |
|
Houston Astros batting - Pitching for Arizona Diamondbacks : RHP Art Nobles
|
|
Batting: RHB Trevor Mock
|
0-0: Ground out 6-3 (Groundball, 6, EV 81.3 MPH)
|
|
Batting: SHB Nate Kopchak
|
0-0: Ball 1-0: Foul Ball, location: 2F 1-1: Ball 2-1: SINGLE (Groundball, 56S, EV 73.1 MPH) (infield hit)
|
|
Batting: RHB Matt Thompson
|
0-0: Called Strike 0-1: Fly out, F8 (Flyball, 78S, EV 78.1 MPH)
|
|
Batting: LHB Bob Myers
|
0-0: Fly out, F8 (Flyball, 8RXD, EV 101.3 MPH)
|
| Bottom of the 8th over - 0 runs, 1 hit, 0 errors, 1 left on base; Arizona 8 - Houston 0 |
| TOP OF THE 9TH |
|
Arizona Diamondbacks batting - Pitching for Houston Astros : RHP Danny Bustos
|
|
Batting: RHB Shiro Suehiro
|
0-0: Swinging Strike 0-1: Ground out 6-3 (Groundball, 6, EV 79.4 MPH)
|
|
Batting: LHB Eric Klasek
|
0-0: Called Strike 0-1: Swinging Strike 0-2: Foul Ball, location: 2F 0-2: Foul Ball, location: 2F 0-2: Ball 1-2: Ball 2-2: Ball 3-2: Foul Ball, location: 2F 3-2: Base on Balls
|
|
Batting: SHB Alec Thorpe
|
0-0: Ball 1-0: Ball 2-0: Ball 3-0: Base on Balls Eric Klasek to second
|
|
Batting: SHB Troy McClure
|
0-0: Ball 1-0: Ball 2-0: Swinging Strike 2-1: Foul Ball, location: 2F 2-2: Foul Ball, location: 2F 2-2: Strikes out swinging
|
|
Batting: SHB Valentin Laporte
|
0-0: Ball 1-0: Called Strike 1-1: Ball 2-1: Ball 3-1: Called Strike 3-2: Base on Balls Eric Klasek to third Alec Thorpe to second
|
|
Batting: SHB Perry Tuckfard
|
0-0: Fielders Choice at 2nd, 5-4 (Groundball, 5, EV 90.0 MPH)
|
| Top of the 9th over - 0 runs, 0 hits, 0 errors, 3 left on base; Arizona 8 - Houston 0 |
| BOTTOM OF THE 9TH |
|
Houston Astros batting - Pitching for Arizona Diamondbacks : RHP Art Nobles
|
|
Batting: SHB Addick de Vries
|
0-0: Ball 1-0: Foul Ball, location: 2F 1-1: Ball 2-1: Swinging Strike 2-2: Ball 3-2: Base on Balls
|
|
Batting: RHB Danny Dyer
|
0-0: 2-RUN HOME RUN (Flyball, 78XD, EV 116.9 MPH), Distance : 460 ft
|
|
Batting: LHB Bryce Hill
|
0-0: Called Strike 0-1: Ball 1-1: Ball 2-1: Foul Ball, location: 2F 2-2: Strikes out swinging
|
|
Batting: RHB Josh Froyd
|
0-0: Ground out 5-3 (Groundball, 56, EV 83.8 MPH)
|
|
Batting: LHB Ian Jarvis
|
0-0: Ball 1-0: Foul Ball, location: 2F 1-1: Ball 2-1: Ball 3-1: Ground out 5-3 (Groundball, 56S, EV 88.1 MPH)
|
| Bottom of the 9th over - 2 runs, 1 hit, 0 errors, 0 left on base; Arizona 8 - Houston 2 |
|